 Dungeon Crawl Stone Soup version 0.28-a0-1506-g3893175d92 (webtiles) character file.

Game seed: 868275221561260454

492 parzival7114810 the Chopper (level 7, -1/60 HPs)
             Began as a Hill Orc Fighter on Jan 12, 2022.
             Was an Initiate of Beogh.
             Succumbed to a hornet's poison
             ... on level 5 of the Dungeon on Jan 13, 2022.
             The game lasted 00:13:47 (7523 turns).

parzival7114810 the Chopper (Hill Orc Fighter)      Turns: 7523, Time: 00:13:48

Health: -1/60      AC: 10    Str: 21    XL:     7   Next: 14%
Magic:  7/7        EV:  9    Int:  8    God:    Beogh [......]
Gold:   993        SH:  4    Dex: 10    Spells: 6/6 levels left

rFire   . . .      SeeInvis .   a - +1 war axe
rCold   . . .      Faith    .   c - +0 buckler
rNeg    . . .      Spirit   .   b - +0 scale mail
rPois   .          Reflect  .   n - +0 helmet
rElec   .          Harm     .   (no cloak)
rCorr   .          Rampage  .   m - +1 Delatra's gloves {ID++}
Will    .....                   (no boots)
Stlth   ..........              (no amulet)
HPRegen 0.20/turn               (no ring)
MPRegen 0.10/turn               (no ring)

@: brilliant, lethally poisoned (-1 -> -16), slowed, very slow
A: no striking features
a: Renounce Religion


You were on level 5 of the Dungeon.
You worshipped Beogh.
Beogh was noncommittal.
You visited 1 branch of the dungeon, and saw 5 of its levels.

You collected 993 gold pieces.

Inventory:

Hand Weapons
 a - a +1 war axe (weapon)
Armour
 b - a +0 scale mail (worn)
 c - a +0 buckler (worn)
 l - an orb of guile
 m - the +1 Delatra's gloves (worn) {ID++}
   (You found it on level 4 of the Dungeon)

   It heals its wearer when they drink unknown potions.
   It restores its wearer's MP when they read unknown scrolls.
 n - a +0 helmet (worn)
Jewellery
 d - a ring of poison resistance
 i - a ring of resist corrosion
 p - a ring of fire
Wands
 j - a wand of flame (15)
 k - a wand of charming (9)
Scrolls
 g - 2 scrolls of identify
 h - 3 scrolls of magic mapping
Potions
 f - 2 potions of degeneration


   Skills:
 + Level 4.9 Fighting
 + Level 6.8 Axes
 + Level 4.9 Armour
 + Level 1.1 Dodging
 + Level 0.1 Stealth
 + Level 4.2 Shields


You had 6 spell levels left.
You didn't know any spells.
Your spell library contained the following spells:

 Spells                   Type           Power      Damage    Failure   Level
 Magic Dart               Conj           0%         1d3       83%         1
 Searing Ray              Conj           0%         2d4       92%         2
 Fulminant Prism          Conj/Hex       0%         3d6       100%        4
 Alistair's Intoxication  Tmut/Pois      0%         N/A       100%        5
 Borgnjor's Vile Clutch   Necr/Erth      0%         N/A       100%        5
 Eringya's Noxious Bog    Tmut/Pois      0%         N/A       100%        6


Dungeon Overview and Level Annotations

Branches:
Dungeon (5/15)
 Temple: D:4-7

Altars:


Message History

The hornet is lightly wounded.
You feel sick. The hornet closely misses you. The hornet stings you!
You are more poisoned.
You feel yourself slow down.
Unknown command.
You slash the hornet!
The hornet is heavily wounded.
You feel very sick. The hornet stings you.
* * * LOW HITPOINT WARNING * * *
You feel as though you will be slow longer.
The hornet barely misses you.
It was a potion of brilliance.
You feel clever all of a sudden.
The energy of discovery flows from your fingertips!
You feel much better.
You feel sick. The hornet stings you!
You are more poisoned.
You feel as though you will be slow longer.
The hornet stings you.
You feel as though you will be slow longer.
The hornet stings you.
You feel as though you will be slow longer.
You hit the hornet.
The hornet is heavily wounded.
* * * LOW HITPOINT WARNING * * *
You feel extremely sick. The hornet barely misses you. The hornet stings you.
* * * LOW HITPOINT WARNING * * *
You are lethally poisoned!
You feel as though you will be slow longer.
The hornet stings you but does no damage.
You miss the hornet.
The hornet is heavily wounded.
* * * LOW HITPOINT WARNING * * *
You feel extremely sick.
The hornet stings you but does no damage.
The hornet closely misses you.
The hornet stings you but does no damage.
Something appears at your feet!
You die...

.. . ##. .## /.. .# #. .#
... #.# ... .. .. .## #.#
#.# #. .# ###$# ..... ..
#..@# #.#. .## #..y# ...
..# #...# #.#.# ###.##
#.## ##.#.# #..## #
####....##########...####
+.......................'
####....##########...####
##.#.# #..## #


You could see a hornet.

Vanquished Creatures
  A black bear (D:4)
  A sky beast (D:5)
  An ogre (D:4)
  2 howler monkeys (D:4)
  Robin (D:4)
  3 adders
  3 worms
  7 dart slugs
  6 orcs
  8 endoplasms
  2 giant cockroaches (D:1)
  14 goblins
  9 hobgoblins
  2 jackals (D:5)
  3 quokkas
  4 ball pythons
  5 bats
  2 frilled lizards
  5 kobolds
  4 rats
83 creatures vanquished.

Vanquished Creatures (others)
  An orc priest (D:4)
  2 orcs (D:4)
3 creatures vanquished.

Grand Total: 86 creatures vanquished

Notes
Turn   | Place    | Note
-------+----------+-------------------------------------------
     0 | D:1      | parzival7114810 the Hill Orc Fighter began the quest for
                  | the Orb.
     0 | D:1      | Reached XP level 1. HP: 19/19 MP: 1/1
   387 | D:1      | Reached XP level 2. HP: 27/27 MP: 2/2
  1254 | D:2      | Reached skill level 3 in Axes
  1684 | D:2      | Reached XP level 3. HP: 30/33 MP: 3/3
  1747 | D:2      | Identified a scroll of acquirement
  1747 | D:2      | Acquired 825 gold pieces
  1805 | D:2      | Upgraded the game from 0.28-a0-1493-g08698888e4 to
                  | 0.28-a0-1506-g3893175d92
  2153 | D:2      | Found a faded altar of an unknown god.
  2935 | D:3      | Found a glowing drain.
  2965 | D:3      | Reached XP level 4. HP: 23/40 MP: 4/4
  3254 | D:3      | Reached skill level 4 in Axes
  4881 | D:4      | Reached XP level 5. HP: 44/47 MP: 5/5
  4936 | D:4      | Noticed Robin
  4969 | D:4      | Killed Robin
  4974 | D:4      | Reached skill level 5 in Axes
  5412 | D:4      | Found the +1 Delatra's gloves {ID++}
  5471 | D:4      | Noticed a black bear
  5472 | D:4      | Became a worshipper of Beogh the Brigand
  5497 | D:4      | Killed a black bear
  5498 | D:4      | Reached XP level 6. HP: 24/53 MP: 6/6
  5944 | D:4      | Reached skill level 6 in Axes
  5944 | D:4      | Reached skill level 1 in Dodging
  7079 | D:5      | Entered Level 5 of the Dungeon
  7128 | D:5      | Noticed a sky beast
  7178 | D:5      | Killed a sky beast
  7179 | D:5      | Reached XP level 7. HP: 43/60 MP: 7/7
  7478 | D:5      | Noticed a hornet
  7512 | D:5      | Paralysed by a hornet for 2 turns
  7523 | D:5      | Acquired 642 gold pieces
  7523 | D:5      | Succumbed to a hornet's poison

Illustrated notes

Levels and vault maps discovered:
D:1:      dpeg_arrival_another_circle, layout_loops_corners
D:2:      layout_basic, ebering_ecumenical_altar_rust
D:3:      layout_basic, cheibrodos_sewer_entry_bend
D:4:      layout_gridville, uniq_robin
D:5:      minmay_spotlight, layout_loops_corners, serial_shops,
          nicolae_shop_advertising_works [nicolae_subvault_shop_adworks],
          st_stairs_10

Skill      XL: |  1  2  3  4  5  6 |
---------------+-------------------+-----
Fighting       | 4 |  4.9
Axes           | 3 4 5 6 |  6.8
Armour         | 4 |  4.9
Shields        | 4 |  4.2
Dodging        | 1 |  1.1
Stealth        | |  0.1

Action                   |  1- 3 |  4- 6 |  7- 9 || total
-------------------------+-------+-------+-------++-------
Melee: War axe           |    76 |   125 |     8 ||   209
Invok: Convert to Beogh  |       |     1 |       ||     1
Evoke: Wand              |       |     3 |     1 ||     4
  Use: Potion            |     4 |     2 |     1 ||     7
       Scroll            |     4 |     2 |     1 ||     7
Armor: Scale mail        |    42 |   103 |     9 ||   154
Dodge: Dodged            |    55 |    89 |     7 ||   151
Block: Buckler           |    30 |    46 |     4 ||    80

Table legend: (Time is in decaauts)
 A = Elapsed time spent in this place.
 B = Non-inter-level travel time spent in this place.
 C = Inter-level travel time spent in this place.
 D = Time resting spent in this place.
 E = Time spent auto-exploring this place.
 F = Levels seen in this place.
 G = Mean time per level.
                   A        B        C        D        E       F      G
               +--------+--------+--------+--------+--------+-----+--------+
         Total |   7601 |   7456 |    145 |   4047 |   2171 |   5 | 1520.2 |
       Dungeon |   7601 |   7456 |    145 |   4047 |   2171 |   5 | 1520.2 |
               +--------+--------+--------+--------+--------+-----+--------+

Top non-repeatable levels by time:
     D:4: 2514 daAuts
     D:3: 2014 daAuts
     D:2: 1375 daAuts
     D:1: 1243 daAuts
     D:5: 453 daAuts
